 Dungeon Crawl Stone Soup version 0.24.0-13-gcf9b3192b9 (webtiles) character file.

Game seed: 13458610310737860210, levelgen mode: deterministic

5793 glorgkhan the Cleaver (level 10, -1/91 HPs)
             Began as a White Draconian Berserker on Nov 8, 2019.
             Was an Elder of Trog.
             Killed from afar by an electric eel (13 damage)
             ... with a bolt of electricity
             ... on level 9 of the Dungeon.
             The game lasted 00:24:54 (10064 turns).

glorgkhan the Cleaver (White Draconian Berserker)  Turns: 10064, Time: 00:24:54

Health: -1/91      AC:  8    Str: 20    XL:     10   Next: 50%
Magic:  10/10      EV: 12    Int:  7    God:    Trog [****..]
Gold:   290        SH: 11    Dex: 17    Spells: 9/9 levels left

rFire    . . .     SeeInvis +   t - +0 broad axe of Valuable Assets {speed, Dex+3 SInv}
rCold    + . .     Gourm    +   y - +0 shield
rNeg     . . .     Faith    .   (armour unavailable)
rPois    +         Spirit   .   (helmet restricted)
rElec    .         Reflect  .   f - scarf {cloud immunity}
rCorr    .         Harm     .   (no gloves)
MR       ++...                  d - +0 pair of boots
Stlth    +++.......             l - amulet of the gourmand
HPRegen  1.65/turn              x - ring of stealth
MPRegen  0.12/turn              (no ring)

@: about to teleport, regenerating
A: breathe frost, unfitting armour, cold resistance 1, poison resistance,
regeneration 1, cold-blooded, AC +7
a: Breathe Frost, Berserk, Trog's Hand, Brothers in Arms, Renounce Religion


You were on level 9 of the Dungeon.
You worshipped Trog.
Trog was greatly pleased with you.
You were very full.

You visited 1 branch of the dungeon, and saw 9 of its levels.

You collected 530 gold pieces.
You spent 240 gold pieces at shops.

Inventory:

Hand Weapons
 t - the +0 broad axe of Valuable Assets (weapon) {speed, Dex+3 SInv}
   (You found it on level 5 of the Dungeon)

   Attacks with this weapon are significantly faster.
   It affects your dexterity (+3).
   It lets you see invisible.
 A - a +3 battleaxe
Missiles
 p - 8 boomerangs (quivered)
Armour
 d - a +0 pair of boots (worn)
 f - a scarf of cloud immunity (worn)
 y - a +0 shield (worn)
Jewellery
 l - an amulet of the gourmand (around neck)
 w - a cursed amulet of inaccuracy {unknown}
 x - a ring of stealth (left hand)
Wands
 j - a wand of scattershot (1)
 s - a wand of clouds (5)
Scrolls
 a - 2 scrolls of remove curse
 o - a scroll of teleportation
 q - a scroll of magic mapping
Potions
 c - a potion of lignification
 e - a potion of magic
 g - 3 potions of curing
 h - 2 potions of berserk rage
 i - 4 potions of haste
 k - 3 potions of heal wounds
 m - a potion of brilliance {unknown}
 n - a potion of mutation
 r - a potion of agility
 u - 2 potions of flight
Comestibles
 b - 14 rations
 v - 5 chunks of flesh


   Skills:
 - Level 9.5 Fighting
   Level 6.1 Long Blades
 - Level 10.4 Axes
 - Level 2.8 Dodging
 * Level 6.6 Shields


You had 9 spell levels left.
You didn't know any spells.
Your spell library was empty.

Dungeon Overview and Level Annotations

Branches:
Dungeon (9/15)             Temple (0/1) D:5            Lair (0/6) D:9
    Orc: D:9-12

Altars:
Ashenzari
Cheibriados
Dithmenos
Gozag
Hepliaklqana
Nemelex Xobeh
Okawaru
Qazlal
Uskayaw
Vehumet
Yredelemnul
Zin
Beogh

Shops:
D:7 [[

Annotations:
D:3 3 runed translucent doors, Amplified's ghost, amateur NaBe


Innate Abilities, Weirdness & Mutations

You can breathe waves of freezing cold.
You can buffet flying creatures when you breathe cold.
Your icy white scales are hard. (AC +7)
You cannot fit into any form of body armour.
Your flesh is cold resistant. (rC+)
You are cold-blooded and may be slowed by cold attacks.
Your system is resistant to poisons. (rPois)
Your natural rate of healing is unusually fast.


Message History

The electric eel shoots out a bolt of lightning at you!
The bolt of electricity hits the electric eel.
The electric eel completely resists.
The bolt of electricity hits you!
* * * LOW HITPOINT WARNING * * *
The bolt of electricity hits you.
* * * LOW HITPOINT WARNING * * *
Okay, then.
You feel much better.
The electric eel shoots out a bolt of lightning at you!
The bolt of electricity hits you.
* * * LOW HITPOINT WARNING * * *
As you read the scroll of teleportation, it crumbles to dust.
You feel strangely unstable.
The electric eel shoots out a bolt of lightning at you!
The bolt of electricity hits you!
* * * LOW HITPOINT WARNING * * *
The electric eel shoots out a bolt of lightning at you!
The bolt of electricity hits the electric eel.
The electric eel completely resists.
The bolt of electricity hits you!
You die...

..>..≈≈≈≈.[.###.....##
....≈≈;≈≈.≈.##.......##
≈≈≈≈.≈≈≈≈.............##
≈≈≈≈≈≈≈≈≈≈..'.........'.
≈≈≈≈≈.≈;≈...#.........##
≈≈≈≈≈≈.†;≈..##.......##
≈≈≈≈≈≈†.....###..)..##
≈≈≈≈;;......# ##...##
#######@##### ##'## #.#
#.# #.###### #.#
#...[..# ##.##
######.###...##
#.(.#.....####
#....)........
#...###.#####. ##### ###
##


You could see 5 electric eels.

Vanquished Creatures
  A two-headed ogre (D:8)
  Psyche (D:8)
  Joseph (D:7)
  2 trolls
  A hornet (D:8)
  A hippogriff (D:9)
  A hungry ghost (D:8)
  A water moccasin (D:6)
  2 orc warriors
  An ice beast (D:5)
  2 sky beasts
  2 phantoms (D:8)
  A hornet zombie (D:6)
  3 wolves (D:9)
  4 ogres
  2 centaurs
  A crocodile (D:7)
  3 bullfrogs
  2 scorpions (D:6)
  5 killer bees (D:9)
  3 howler monkeys
  6 wights
  3 crimson imps
  A centaur skeleton (D:5)
  3 orc priests
  10 hounds
  3 jellies
  2 iguanas
  5 worker ants
  3 orc wizards
  2 hound zombies
  A worker ant zombie (D:5)
  4 gnolls (D:7)
  10 adders
  3 worms
  6 leopard geckos
  27 orcs
  4 bats
  4 giant cockroaches
  10 hobgoblins
  12 jackals
  6 quokkas
  4 ball pythons
  4 frilled lizards
  7 goblins
  A jackal skeleton (D:7)
  7 kobolds
  A leopard gecko zombie (D:8)
  A quokka skeleton (D:4)
  A quokka zombie (D:6)
  4 rats (D:2)
195 creatures vanquished.

Notes
Turn   | Place    | Note
-------+----------+-------------------------------------------
     0 | D:1      | glorgkhan the Draconian Berserker began the quest for the
                  | Orb.
     0 | D:1      | Reached XP level 1. HP: 19/19 MP: 1/1
   164 | D:1      | Reached XP level 2. HP: 26/26 MP: 2/2
   499 | D:1      | Reached XP level 3. HP: 31/33 MP: 3/3
   608 | D:1      | Reached ** piety under Trog
  1045 | D:2      | Found a sparkling altar of Nemelex Xobeh.
  1367 | D:2      | Reached XP level 4. HP: 41/41 MP: 4/4
  1816 | D:3      | Found a runed translucent gate.
  1816 | D:3      | Found a runed translucent gate.
  1819 | D:3      | Found a runed translucent gate.
  1820 | D:3      | Noticed Amplified's ghost (amateur NaBe)
  1823 | D:3      | Found a roughly hewn altar of Beogh.
  2247 | D:3      | Reached skill level 5 in Fighting
  2258 | D:3      | Reached XP level 5. HP: 18/48 MP: 5/5
  2485 | D:3      | Found a snail-covered altar of Cheibriados.
  2486 | D:3      | Found a basalt altar of Yredelemnul.
  2949 | D:4      | Found a glowing silver altar of Zin.
  3092 | D:4      | Found a stormy altar of Qazlal.
  3392 | D:4      | Reached skill level 5 in Long Blades
  3799 | D:5      | Entered Level 5 of the Dungeon
  3826 | D:5      | Found a staircase to the Ecumenical Temple.
  3840 | D:5      | Reached *** piety under Trog
  3997 | D:5      | Reached XP level 6. HP: 51/57 MP: 6/6
  4071 | D:5      | Found a shadowy altar of Dithmenos.
  4341 | D:5      | Noticed an ice beast
  4362 | D:5      | Killed an ice beast
  4362 | D:5      | Your scales start taking on an icy white colour.
  4362 | D:5      | Reached XP level 7. HP: 49/64 MP: 7/7
  4362 | D:5      | Gained mutation: Your flesh is cold resistant. (rC+) [White
                  | Draconian growth]
  4557 | D:5      | Got an ancient broad axe
  4558 | D:5      | Identified the cursed +0 broad axe of Valuable Assets
                  | {speed, Dex+3 SInv} (You found it on level 5 of the
                  | Dungeon)
  4945 | D:6      | Reached skill level 1 in Axes
  4959 | D:6      | Reached skill level 2 in Axes
  4962 | D:6      | Noticed a troll
  4974 | D:6      | Reached skill level 3 in Axes
  4979 | D:6      | Reached skill level 4 in Axes
  4983 | D:6      | Killed a troll
  4983 | D:6      | Reached skill level 5 in Axes
  4983 | D:6      | Reached XP level 8. HP: 36/71 MP: 8/8
  5272 | D:6      | Reached skill level 6 in Axes
  5730 | D:6      | Reached skill level 7 in Axes
  5935 | D:6      | Reached skill level 8 in Axes
  6129 | D:6      | Found a hide-covered altar of Uskayaw.
  6183 | D:6      | Found a shattered altar of Ashenzari.
  6184 | D:6      | Found an opulent altar of Gozag.
  6187 | D:6      | Found a radiant altar of Vehumet.
  6549 | D:7      | Reached **** piety under Trog
  6626 | D:7      | Reached XP level 9. HP: 71/79 MP: 9/9
  6773 | D:7      | Noticed Joseph
  6789 | D:7      | Killed Joseph
  6789 | D:7      | Reached skill level 9 in Axes
  6971 | D:7      | Found Iwuacwui's Antique Armour Boutique.
  6979 | D:7      | Bought a runed scarf for 240 gold pieces
  7160 | D:7      | Found a hazy altar of Hepliaklqana.
  7287 | D:7      | Found Peuxt's Antique Armour Emporium.
  7688 | D:8      | Noticed Psyche
  7698 | D:8      | Killed Psyche
  7771 | D:8      | Noticed a two-headed ogre
  7789 | D:8      | Killed a two-headed ogre
  7789 | D:8      | Reached skill level 10 in Axes
  7862 | D:8      | Paralysed by a hornet for 1 turns
  8412 | D:8      | Found an iron altar of Okawaru.
  8480 | D:8      | Reached XP level 10. HP: 85/91 MP: 10/10
  8559 | D:8      | Reached skill level 1 in Shields
  9719 | D:9      | Reached skill level 5 in Shields
 10028 | D:9      | Gained mutation: Your natural rate of healing is unusually
                  | fast. [potion of mutation]
 10028 | D:9      | Gained mutation: Your system is resistant to poisons.
                  | (rPois) [potion of mutation]
 10050 | D:9      | Found a staircase to the Lair.
 10062 | D:9      | HP: 3/91 [electric eel/bolt of electricity (5)]
 10064 | D:9      | Killed from afar by an electric eel

Levels and vault maps discovered:
D:1:      minmay_arrival_cross, layout_loops_ring, serial_bayou_pond_d
D:2:      layout_loops_cross, overflow_temple_1_default
D:3:      layout_basic, gammafunk_temple_overflow_statue,
          biasface_ghost_orc_armoury
D:4:      layout_basic, lemuel_doored_altar, kennysheep_mini_moat
D:5:      layout_loops_corners, nicolae_dithmenos_the_darkroom,
          minmay_temple_entry_nine_rooms, first_ration
D:6:      hangedman_cross_stitches, layout_loops_ring,
          nicolae_overflow_hidden_temple, minitemple
D:7:      layout_basic, nicolae_overflow_crystal_walls, serial_shops,
          nicolae_shop_crystal, shop, uniq_joseph
D:8:      layout_basic, okawaru_metal_pillars_1_2, uniq_psyche
D:9:      layout_loops_corners, erik_lair_island

Skill      XL: |  1  2  3  4  5  6  7  8  9 10 |
---------------+-------------------------------+-----
Fighting       | 4 5 6 7 9 |  9.5
Long Blades    | 4 5 6 |  6.1
Axes           | 5 8 10 | 10.4
Shields        | 6 |  6.6
Dodging        | |  2.8

Action                   |  1- 3 |  4- 6 |  7- 9 | 10-12 || total
-------------------------+-------+-------+-------+-------++-------
Melee: Falchion          |   110 |    11 |       |       ||   121
       Tailslap          |    15 |    33 |    47 |    20 ||   115
       Short sword       |       |   215 |    11 |       ||   226
       Broad axe         |       |       |   210 |   160 ||   370
Throw: Stone             |       |    12 |       |       ||    12
       Boomerang         |       |       |     3 |       ||     3
Invok: Trog's Hand       |       |     1 |     1 |     3 ||     5
       Berserk           |       |     1 |     4 |       ||     5
 Abil: Breathe Frost     |       |       |     8 |     2 ||    10
Evoke: Wand              |       |       |     1 |       ||     1
  Use: Scroll            |       |     4 |    11 |     5 ||    20
       Potion            |       |       |       |     4 ||     4
 Stab: Sleeping          |     1 |     2 |     3 |       ||     6
       Invisible         |       |       |     1 |       ||     1
  Eat: Chunk             |     2 |    11 |    24 |    15 ||    52
       Ration            |       |       |     1 |       ||     1
Armor: Skin              |    44 |    78 |    54 |    36 ||   212
Dodge: Dodged            |    73 |   165 |   114 |    61 ||   413
Block: Shield            |       |       |     1 |    77 ||    78
       Rpst.: Falchion   |    25 |     2 |       |       ||    27
